 Dungeon Crawl Stone Soup version 0.29.1-15-g9cfb28693d (webtiles) character file.

Game seed: 8661220964529211697

1127 dobroeutro the Basher (level 8, -4/46 HPs)
             Began as a Gargoyle Fighter on Apr 22, 2023.
             Slain by Duvessa
             ... wielding a +3 short sword of draining
              (18 damage)
             ... on level 4 of the Dungeon.
             The game lasted 00:08:49 (4006 turns).

dobroeutro the Basher (Gargoyle Fighter)            Turns: 4006, Time: 00:08:49

Health: -4/46      AC: 15    Str: 25    XL:     8   Next: 35%
Magic:  8/8        EV:  9    Int:  9    God:
Gold:   349        SH:  4    Dex:  9    Spells: 7/7 levels left

rFire   . . .      SeeInvis .   n - +8 demon whip of the Twisting Gods {flame, Str+3}
rCold   . . .      Faith    .   c - +0 buckler
rNeg    + . .      Spirit   .   b - +0 scale mail
rPois   ∞          Reflect  .   h - +2 helmet
rElec   +          Harm     .   l - scarf {+Inv}
rCorr   .          Rampage  .   (no gloves)
Will    .....                   (no boots)
Stlth   ..........              (no amulet)
HPRegen 0.15/turn               j - +4 ring of slaying
MPRegen 0.11/turn               e - ring of flight

@: flying
A: sickness immunity, AC +5, negative energy resistance 1, electricity
resistance, torment resistance 1, petrification resistance
a: Evoke Invisibility


You were on level 4 of the Dungeon.
You visited 1 branch of the dungeon, and saw 4 of its levels.
You also visited: Sewer.

You collected 349 gold pieces.

Inventory:

Hand Weapons
 a - a +0 flail
 n - the +8 demon whip of the Twisting Gods (weapon) {flame, Str+3}
   (You acquired it on level 4 of the Dungeon)

   It burns those it strikes, dealing additional fire damage.
   Str:       It affects your strength (+3).
Armour
 b - a +0 scale mail (worn)
 c - a +0 buckler (worn)
 h - a +2 helmet (worn)
 l - a scarf of invisibility (worn)
 q - a +0 helmet
Jewellery
 e - a ring of flight (right hand)
 j - a +4 ring of slaying (left hand)
 s - a ring of protection from cold
Scrolls
 f - 3 scrolls of blinking
 k - 2 scrolls of enchant armour {unknown}
 m - 3 scrolls of identify
 o - a scroll of teleportation {unknown}
 p - a scroll of vulnerability {unknown}
 r - 2 scrolls of immolation
Potions
 d - 2 potions of might
 g - 2 potions of curing
 i - a potion of flight


   Skills:
 - Level 3.2 Fighting
 + Level 9.9 Maces & Flails
 - Level 3.2 Armour
 - Level 3.2 Shields


You had 7 spell levels left.
You didn't know any spells.
Your spell library contained the following spells:

 Spells                   Type           Power      Damage    Failure   Level
 Portal Projectile        Hex/Tloc       0%         N/A       98%         3
 Tukima's Dance           Hex            0%         N/A       98%         3
 Blade Hands              Tmut           0%         N/A       100%        5


Dungeon Overview and Level Annotations

Branches:
Dungeon (4/15)              Sewer (visited)
 Temple: D:4-7

Altars:
Qazlal
Xom

Annotations:
D:4 Duvessa


Innate Abilities, Weirdness & Mutations

You are immune to sickness and miasma.
Your stone body is resilient. (AC +5)
You are immune to poison.
You resist negative energy. (rN+)
You are resistant to electric shocks. (rElec)
You are resistant to unholy torment.
You are immune to petrification.


Message History

Things that are here:
a +0 morningstar; an orc corpse Duvessa, Sister of Dowan comes into view.
She is wielding a +3 short sword of draining.
Things that are here:
a +0 short sword; a +0 leather armour; an orc corpse Duvessa shouts!
Duvessa goes berserk!
Things that are here:
a +0 dagger; a +0 robe
There are monsters nearby!
The orc priest barely misses you.
Things that are here:
a +0 dagger; a +0 robe You closely miss the orc priest.
You whack the orc priest! You burn the orc priest.
The orc priest is almost dead.
Duvessa rages.
You hit the orc priest. You burn the orc priest.
You kill the orc priest!
The orc hits you but does no damage. The orc attacks as you move away!
The orc hits you with a +0 dagger. The orc attacks as you move away!
The orc hits you but does no damage.
Duvessa rages.
Items here: $ ) [ †.
The orc attacks as you move away! The orc hits you but does no damage.
Duvessa attacks as you move away! Duvessa closely misses you.
Duvessa attacks as you move away! Duvessa hits you but does no damage.
Duvessa closely misses you. The orc attacks as you move away!
The orc hits you but does no damage. Duvessa attacks as you move away!
Duvessa completely misses you. Duvessa closely misses you.
Duvessa attacks as you move away!
Duvessa hits you with a +3 short sword of draining!
The orc wizard mumbles some strange words.
The orc wizard flickers and vanishes!
Deactivating autopickup; reactivate with Ctrl-A.
Okay, then.
Duvessa rages.
Duvessa hits you with a +3 short sword of draining!!
You die...

.....))##......#.#~##~##~# ..8.#
.......#....##.#)#~#~#~#~# ....
........>.....>#~#)#.#~#~#####..o
.##......#....##~#.###÷#~##.##...
........###...##.##~..~#~#...##.o
........###....#~#######÷#....#.<
........##...#.##~~~~~~~##...##..
..###.......##..#########....#...
....#...........@e...oo){...##o..
#...........##....o.......))#)...
#........................#.)).8.#
......)####....###.......#.##...#
.##...###.....###........#..##.##
.####.##......####...####...##...
###....#.....###.......####..###.
##...........###.........#.... .
#............#.#..............


You could see Duvessa (berserk), an orc wizard and 2 orcs.

Vanquished Creatures
  A black bear (D:4)
  2 bullfrogs (Sewer)
  A necrophage (D:4)
  Dowan (D:4)
  2 howler monkeys
  3 hounds
  A jelly (D:4)
  An iguana (D:4)
  2 orc priests (D:4)
  6 orc wizards
  Robin (D:4)
  11 gnolls
  4 adders
  3 river rats (D:4)
  An ufetubus (D:4)
  A worm (D:4)
  2 dart slugs
  16 orcs
  18 ball pythons
  18 endoplasms
  16 giant cockroaches
  14 goblins
  10 hobgoblins
  4 jackals
  4 kobolds
  12 quokkas
  4 bats
  15 frilled lizards
  7 rats
181 creatures vanquished.

Vanquished Creatures (others)
  6 plants (D:1)
6 creatures vanquished.

Grand Total: 187 creatures vanquished

Notes
Turn   | Place    | Note
-------+----------+-------------------------------------------
     0 | D:1      | dobroeutro the Gargoyle Fighter began the quest for the
                  | Orb.
     0 | D:1      | Reached XP level 1. HP: 14/14 MP: 1/1
   324 | D:1      | Reached XP level 2. HP: 19/19 MP: 2/2
   344 | D:1      | Reached skill level 3 in Maces & Flails
   406 | D:1      | Found a faded altar of an unknown god.
   458 | D:1      | Reached XP level 3. HP: 23/23 MP: 3/3
  1273 | D:2      | Reached skill level 4 in Maces & Flails
  1500 | D:2      | Reached XP level 4. HP: 28/28 MP: 4/4
  1597 | D:2      | Found a shimmering altar of Xom.
  2195 | D:3      | Reached skill level 5 in Maces & Flails
  2195 | D:3      | Reached XP level 5. HP: 32/32 MP: 5/5
  2224 | D:3      | Found a stormy altar of Qazlal.
  2869 | D:3      | Reached skill level 6 in Maces & Flails
  2869 | D:3      | Reached XP level 6. HP: 36/37 MP: 6/6
  2888 | D:4      | Identified a scroll of acquirement
  2890 | D:4      | Acquired the +8 demon whip of the Twisting Gods {flame,
                  | Str+3}
  2899 | D:4      | Identified the +6 sling of Taroxa {flame, Fly}
  2922 | D:4      | Reached skill level 7 in Maces & Flails
  2935 | D:4      | Noticed Robin
  2940 | D:4      | Reached XP level 7. HP: 19/41 MP: 7/7
  2946 | D:4      | Killed Robin
  3024 | D:4      | Noticed Dowan
  3077 | D:4      | Reached skill level 8 in Maces & Flails
  3087 | D:4      | Found a glowing drain.
  3091 | Sewer    | Entered a sewer
  3687 | D:4      | Reached skill level 9 in Maces & Flails
  3687 | D:4      | Reached XP level 8. HP: 46/46 MP: 8/8
  3971 | D:4      | Killed Dowan
  3989 | D:4      | Noticed Duvessa
  4006 | D:4      | Slain by Duvessa

Illustrated notes

Levels and vault maps discovered:
D:1:      dpeg_arrival_brainrot, layout_loops_ring,
          hellmonk_ecumenical_altar_crossroads, nicolae_grassy_gnolls
D:2:      layout_loops_ring, basic_altar, nrook_uturn, minmay_octomino_c4
D:3:      layout_loops_cross, mainiacjoe_overflow_concentric_impassable,
          dk_noncrumbling_4
D:4:      layout_cave_pools, gup_sewer_entry_spiral, grunt_ministairs_13,
          dk_rats_in_the_wall, uniq_duvessa, uniq_robin

Skill      XL: |  1  2  3  4  5  6  7 |
---------------+----------------------+-----
Maces & Flails | 3 4 5 6 7 9 |  9.9
Fighting       | |  3.2
Armour         | |  3.2
Shields        | |  3.2

Action                   |  1- 3 |  4- 6 |  7- 9 || total
-------------------------+-------+-------+-------++-------
Melee: Flail             |   103 |    99 |       ||   202
       Demon whip        |       |    24 |   169 ||   193
  Use: Potion            |       |     7 |     1 ||     8
       Scroll            |       |     4 |       ||     4
Armor: Scale mail        |    70 |    55 |    61 ||   186
       Skin              |       |    20 |    29 ||    49
Dodge: Dodged            |    71 |    41 |    64 ||   176
Block: Buckler           |    25 |    18 |    24 ||    67
